 Dungeon Crawl Stone Soup version 0.18-a0-1539-g1c7284a (webtiles) character file.

4829 Ijustatesigmund the Transmogrifier (level 10, -3/66 HPs)
             Began as an Octopode Transmuter on Mar 9, 2016.
             Was a Follower of Vehumet.
             Slain by a white ugly thing (28 damage)
             ... on level 9 of the Dungeon.
             The game lasted 00:33:07 (10987 turns).

Ijustatesigmund the Transmogrifier (OpTm)          Turns: 10987, Time: 00:33:07

Health: -3/66      AC:  3    Str:  9    XL:     10   Next: 49%
Magic:  9/14       EV: 14    Int: 18    God:    Vehumet [*.....]
Gold:   222        SH:  0    Dex: 20    Spells: 5 memorised, 0 levels left

rFire  . . .     SeeInvis .       - Unarmed
rCold  . . .     Gourm    .     (shield currently unavailable)
rNeg   . . .     Faith    .     u - +2 hat
rPois  .         Spirit   .     (no amulet)
rElec  .         Dismiss  .     n - +4 ring of dexterity
rCorr  .         Reflect  .     (no ring)
SustAt .         Harm     .     (no ring)
MR     .....                    (no ring)
Stlth  +++++.....               (no ring)
                                (no ring)
                                (no ring)
                                (no ring)

@: blade tentacles, not resistant to hostile enchantments, quite stealthy
A: almost no armour, amphibious, 8 rings, constrict 8, camouflage 1, agile 1,
gelatinous body 1
a: End Transformation, Renounce Religion


You were on level 9 of the Dungeon.
You worshipped Vehumet.
Vehumet was aware of your devotion.
You were not hungry.
You had blades for tentacles.
You visited 2 branches of the dungeon, and saw 10 of its levels.

You collected 488 gold pieces.
You spent 266 gold pieces at shops.

Inventory:

Missiles
 a - 127 arrows
 d - 11 tomahawks (quivered)
 s - 6 javelins of returning
 D - 11 poisoned arrows
Armour
 u - a +2 hat (worn)
 F - the +2 buckler "Elircho" (melded) {Str+2 Stlth+}
   (You bought it in a shop on level 4 of the Dungeon)

   It affects your strength (+2).
   It makes you more stealthy.
Jewellery
 n - a +4 ring of dexterity (left scythe-like blade)
Wands
 g - a wand of enslavement (14/24)
 i - a wand of teleportation (5/9)
 p - a wand of random effects (7/48)
 C - a wand of iceblast (8/15)
 G - a wand of disintegration (8/24)
 H - a wand of lightning (7/15)
Scrolls
 j - 3 scrolls of amnesia
 m - a scroll of fog
 q - 2 scrolls of teleportation
 t - a scroll of magic mapping
 y - a scroll of enchant armour
 B - 2 scrolls of remove curse
Potions
 e - 3 potions of curing
 h - 2 potions of lignification
 k - a potion of resistance
 o - 4 potions of flight
 r - a potion of haste {unknown}
 v - a potion of ambrosia
 x - a potion of agility {unknown}
 z - a potion of magic {unknown}
 A - a potion of degeneration {unknown}
Books
 b - a book of Changes

   Spells                             Type                      Level
   a - Beastly Appendage              Transmutation                1
   b - Sticks to Snakes               Transmutation                2
   c - Spider Form                    Transmutation/Poison         3
   d - Ice Form                       Ice/Transmutation            4
   e - Blade Hands                    Transmutation                5
Comestibles
 c - 6 bread rations
 f - 6 meat rations


   Skills:
 - Level 5.0 Fighting
 - Level 3.6 Throwing
 + Level 3.5 Dodging
 - Level 5.3 Stealth
 - Level 4.0 Shields
 + Level 7.6 Unarmed Combat
 - Level 3.2 Spellcasting
 + Level 9.4 Transmutations
 - Level 2.2 Poison Magic


You couldn't memorise any spells.
You knew the following spells:

 Your Spells              Type           Power        Failure   Level  Hunger
a - Beastly Appendage     Trmt           #####.       12%         1    None
b - Sticks to Snakes      Trmt           #####...     12%         2    ##.....
c - Spider Form           Trmt/Pois      ###.......   32%         3    ###....
d - Blade Hands           Trmt           #####.....   50%         5    ######.
e - Ice Form              Ice/Trmt       ###.....     67%         4    ####...


Dungeon Overview and Level Annotations

Branches:
Dungeon (9/15)             Temple (1/1) D:7
   Lair: D:8-11         Orc: D:9-12

Altars:
Cheibriados
Dithmenos
Makhleb
Nemelex Xobeh
Pakellas
Qazlal
Ru
Vehumet
Xom
Zin
The Shining One

Shops:
D:4 [


Innate Abilities, Weirdness & Mutations

You cannot wear most types of armour.
You are amphibious.
You can wear up to eight rings at the same time.
You can use your tentacles to constrict eight enemies at once.
Your skin changes colour to match your surroundings (Stealth).
Your rubbery body absorbs attacks (AC +1).
You are agile. (Dex +2)


Message History

Where to? (Enter - D:8 @ (x,y), ? - help)
There is an open door here.
You open the door.
There is an open door here.
There is an open door here.
There is a stone staircase leading down, spattered with blood here.
You climb downwards.
The yak gores you! You block the crimson imp's attack.
You block the white ugly thing's attack.
There is a stone staircase leading up, spattered with blood here.
Casting: Blade Hands
Confirm with . or Enter, or press ? or * to list all spells.
Your tentacles turn into razor-sharp scythe blades.
The +2 buckler "Elircho" {Str+2 Stlth+} melds into your body.
The yak gores you! The crimson imp barely misses you.
The white ugly thing completely misses you.
You hit the white ugly thing but do no damage.
You grab the white ugly thing. You constrict the white ugly thing.
The yak closely misses you. The crimson imp hits you.
The white ugly thing tail-slaps you! The white ugly thing freezes you!!
You die...

##.........#
#..#####...#
#.##._.##..#
#..##'##...#
#.........u#
#.8.....8..#
###..8.8....##########
...............5.....#
................@....#
...†./.........Y.u...#
................)....#
.....................#
.........(...........#
.....................#
######################


You could see a white ugly thing, a yak and a crimson imp.

Vanquished Creatures
  Erolcha (D:8)
  A black mamba (shapeshifter) (D:8)
  A spriggan (D:7)
  5 yaks (D:8)
  A hippogriff (D:7)
  A steam dragon (D:8)
  A water moccasin (D:7)
  A sky beast (D:8)
  3 ice beasts
  2 black bears (D:9)
  2 necrophages
  An ogre (D:9)
  4 centaurs
  3 giant frogs
  A wyvern skeleton (D:7)
  2 howler monkeys
  3 crimson imps
  A giant frog zombie (D:9)
  3 jellies
  A giant frog skeleton (D:7)
  7 hounds
  2 orc priests (D:7)
  8 orc wizards
  5 worker ants
  A hound skeleton (D:7)
  A gnoll (D:1)
  11 adders
  3 shadow imps
  3 oozes
  An adder zombie (D:9)
  6 worms
  A dart slug (D:2)
  4 giant geckos
  29 orcs
  7 giant cockroaches
  A goblin (D:2)
  7 hobgoblins
  16 jackals
  6 kobolds
  5 quokkas
  6 bats
  3 giant newts
  2 quokka skeletons
  2 quokka zombies (D:5)
  5 rats
180 creatures vanquished.

Vanquished Creatures (collateral kills)
  An ogre (D:7)
  An orc wizard (D:5)
  A worm (D:3)
  8 orcs
  A goblin (D:3)
  A kobold (D:3)
13 creatures vanquished.

Grand Total: 193 creatures vanquished

Notes
Turn   | Place    | Note
--------------------------------------------------------------
     0 | D:1      | Ijustatesigmund the Octopode Transmuter began the quest for the Orb.
     0 | D:1      | Reached XP level 1. HP: 13/13 MP: 3/3
   252 | D:1      | Reached XP level 2. HP: 14/19 MP: 3/5
   259 | D:1      | Learned a level 2 spell: Sticks to Snakes
   971 | D:2      | Reached XP level 3. HP: 23/25 MP: 4/6
   976 | D:2      | Learned a level 3 spell: Spider Form
  1387 | D:2      | Reached skill level 1 in Poison Magic
  1599 | D:2      | Found a faded altar to an unknown god.
  1831 | D:2      | Reached XP level 4. HP: 26/30 MP: 5/7
  2260 | D:3      | Reached XP level 5. HP: 23/36 MP: 1/8
  2740 | D:3      | Reached XP level 6. HP: 32/42 MP: 9/9
  2870 | D:3      | Found a stormy altar of Qazlal.
  3063 | D:4      | Found a shadowy altar of Dithmenos.
  3070 | D:4      | Found an oddly glowing altar of Pakellas.
  3442 | D:4      | Found Qerghu's Antique Armour Boutique.
  3721 | D:5      | Entered Level 5 of the Dungeon
  3854 | D:5      | Noticed a necrophage
  3872 | D:5      | Killed a necrophage
  3872 | D:5      | Reached skill level 3 in Transmutations
  4374 | D:5      | Reached skill level 1 in Throwing
  4624 | D:5      | Reached XP level 7. HP: 48/48 MP: 7/11
  4989 | D:6      | Reached skill level 5 in Unarmed Combat
  5129 | D:6      | Found a burning altar of Makhleb.
  5299 | D:4      | Bought a twisted buckler for 266 gold pieces
  5304 | D:4      | Identified the +2 buckler "Elircho" {Str+2 Stlth+} (You bought it in a shop on level 4 of the Dungeon)
  5386 | D:6      | Reached skill level 1 in Shields
  5980 | D:6      | Reached XP level 8. HP: 42/54 MP: 7/12
  5987 | D:6      | Learned a level 5 spell: Blade Hands
  6084 | D:7      | Reached skill level 1 in Stealth
  6367 | D:7      | Gained mutation: You are agile. (Dex +2) [potion of beneficial mutation]
  6483 | D:7      | Found a snail-covered altar of Cheibriados.
  6554 | D:7      | Found a staircase to the Ecumenical Temple.
  6564 | Temple   | Entered the Ecumenical Temple
  6658 | Temple   | Became a worshipper of Vehumet
  6931 | D:7      | Reached skill level 4 in Transmutations
  6992 | D:7      | Reached skill level 5 in Transmutations
  7259 | D:7      | Noticed a spriggan baker
  7271 | D:7      | Killed a spriggan baker
  7271 | D:7      | Reached skill level 6 in Transmutations
  7492 | D:7      | Reached XP level 9. HP: 59/59 MP: 7/13
  7744 | D:7      | Reached skill level 7 in Transmutations
  7785 | D:7      | Reached skill level 5 in Fighting
  9035 | D:8      | Reached skill level 8 in Transmutations
  9312 | D:8      | Noticed Erolcha
  9319 | D:8      | Killed Erolcha
  9319 | D:8      | Reached * piety under Vehumet
  9319 | D:8      | Offered knowledge of Sandblast by Vehumet.
  9319 | D:8      | Reached skill level 9 in Transmutations
  9319 | D:8      | Reached XP level 10. HP: 19/66 MP: 8/14
  9340 | D:8      | HP: 3/66 [something/ball of steam (20)]
  9846 | D:8      | Learned a level 4 spell: Ice Form
 10167 | D:9      | Reached skill level 5 in Stealth
 10294 | D:9      | Found a glowing silver altar of Zin.
 10321 | D:9      | Noticed a white ugly thing
 10599 | D:8      | Noticed a black mamba
 10599 | D:8      | a black bear changed into a black mamba
 10602 | D:8      | Killed a black mamba
 10987 | D:9      | Slain by a white ugly thing

Vault maps used:
D:1:      lemuel_arrival_rhombus, serial_forest, infiniplex_forest_clump_tiny,
          infiniplex_forest_lined_ring, infiniplex_forest_end_2,
          infiniplex_forest_lined_2, infiniplex_forest_clump_medium,
          infiniplex_forest_straight_5, infiniplex_forest_straight_3
D:2:      ecumenical_altar_2
D:3:      nicolae_overflow_crystal_walls, first_bread
D:4:      amethyst_overflow_temple_binary, serial_shops, kennysheep_mini_moat
D:5:      wad_floor_pattern_1
D:6:      kennysheep_little_box
D:7:      temple_statues, the_bakery, cheibrodos_worm_habitat
D:8:      uniq_erolcha
D:9:      yredelemnul_forgotten_temple_becter, zin_statuary, erik_lair_dragon,
          serial_shops, shop, jmf_multi_god_temple2
Temple:   minmay_temple_curvy_14

Skill      XL: |  1  2  3  4  5  6  7  8  9 10 |
---------------+-------------------------------+-----
Fighting       | 2 3 4 5 |  5.0
Poison Magic   | 1 2 |  2.2
Unarmed Combat | 4 5 7 |  7.6
Transmutations | 3 6 9 |  9.4
Throwing       | 1 2 3 |  3.6
Spellcasting   | 3 |  3.2
Shields        | 3 4 |  4.0
Stealth        | 3 4 5 |  5.3
Dodging        | 3 |  3.5

Action                   |  1- 3 |  4- 6 |  7- 9 | 10-12 || total
-------------------------+-------+-------+-------+-------++-------
Melee: Unarmed           |    70 |   144 |   240 |    51 ||   505
Throw: Tomahawk          |     6 |    28 |    14 |     7 ||    55
 Cast: Beastly Appendage |    10 |    13 |    20 |     1 ||    44
       Sticks to Snakes  |     2 |    23 |    16 |       ||    41
       Blade Hands       |       |       |     6 |     6 ||    12
       Spider Form       |       |       |     1 |       ||     1
Evoke: Wand              |       |     2 |     3 |     1 ||     6
  Use: Scroll            |     4 |     9 |     8 |     1 ||    22
       Potion            |     1 |       |     6 |     1 ||     8
 Stab: Sleeping          |     7 |     7 |     9 |       ||    23
       Distracted        |     1 |     1 |       |     2 ||     4
  Eat: Chunk             |     2 |     8 |     8 |       ||    18
       Royal jelly       |       |     1 |       |       ||     1
       Beef jerky        |       |     1 |       |       ||     1
       Bread ration      |       |       |     2 |     2 ||     4
       Pizza             |       |       |     1 |       ||     1
